 Dungeon Crawl Stone Soup version 0.31-a0-102-g33a4ccc0cb (webtiles) character file.

Game seed: 10171501219134894600

908 loir the Poker (level 8, -3/64 HPs)
             Began as a Merfolk Gladiator on May 27, 2023.
             Was a Follower of Okawaru.
             Slain by a two-headed ogre
             ... wielding a +0 giant spiked club
              (29 damage)
             ... on level 6 of the Dungeon.
             The game lasted 00:36:55 (4074 turns).

loir the Poker (Merfolk Gladiator)                  Turns: 4074, Time: 00:36:56

Health: -3/64      AC:  8    Str: 27    XL:     8   Next: 8%
Magic:  8/8        EV: 14    Int: 19    God:    Okawaru [*.....]
Gold:   305        SH:  0    Dex: 15    Spells: 7/7 levels left

rFire   . . .        l - +1 spear of Ezog {freeze, Int+3}
rCold   x . .        (no shield)
rNeg    . . .        r - +2 ring mail "Qewoafu" {rElec rC- Str+10 Int-3}
rPois   .            c - +0 helmet
rElec   +            (no cloak)
rCorr   .            (no gloves)
SInv    .            (no boots)
Will    .....        (no amulet)
Stlth   +            k - +6 ring of intelligence
HPRegen 0.30/turn    n - +6 ring of intelligence
MPRegen 0.11/turn

%: no passive effects
@: no status effects
A: (nimble swimmer 2), mertail
a: Renounce Religion, Heroism


You were on level 6 of the Dungeon.
You worshipped Okawaru.
Okawaru was aware of your devotion.
You visited 2 branches of the dungeon, and saw 7 of its levels.

You collected 305 gold pieces.

Inventory:

Hand Weapons
 a - a +1 trident
 l - the +1 spear of Ezog (weapon) {freeze, Int+3}
   (You found it on level 2 of the Dungeon)

   Int:       It affects your intelligence (+3).
Missiles
 d - 2 throwing nets
 e - 5 curare-tipped darts (quivered)
 i - 11 poisoned darts
 p - a javelin
Armour
 b - a +0 leather armour
 c - a +0 helmet (worn)
 r - the +2 ring mail "Qewoafu" (worn) {rElec rC- Str+10 Int-3}
   (You took it off a kobold on level 3 of the Dungeon)

   Str:       It affects your strength (+10).
   Int:       It affects your intelligence (-3).
   rC:        It makes you vulnerable to cold.
   rElec:     It insulates you from electricity.
Jewellery
 h - a ring of fire
 j - a ring of ice
 k - a +6 ring of intelligence (left hand)
 n - a +6 ring of intelligence (right hand)
 x - an amulet of faith
Wands
 t - a wand of polymorph (33)
Scrolls
 o - a scroll of amnesia
 w - a scroll of identify
 y - a scroll of teleportation
Potions
 f - a potion of ambrosia
 g - 2 potions of haste
 m - a potion of brilliance {unknown}
 q - a potion of mutation {unknown}
 s - 2 potions of heal wounds {unknown}
 u - a potion of curing
 v - a potion of attraction {unknown}


   Skills:
 * Level 6.1 Fighting
 + Level 6.4 Polearms
 + Level 4.1 Throwing
 + Level 1.9 Armour
 + Level 6.3 Dodging


You had 7 spell levels left.
You didn't know any spells.
Your spell library contained the following spells:

 Spells                   Type           Power      Damage    Failure   Level
 Dazzling Flash           Conj/Hex       0%         N/A       65%         3
 Volatile Blastmotes      Fire/Tloc      0%         2d10      65%         3
 Iskenderun's Mystic Bla  Conj/Tloc      0%         2d3       96%         4
 Starburst                Conj/Fire      0%         6d3       100%        6


Dungeon Overview and Level Annotations

Branches:
Dungeon (6/15)             Temple (1/1) D:4

Altars:
Ashenzari
Cheibriados
Dithmenos
Elyvilon
Fedhas
Hepliaklqana
Kikubaaqudgha
Makhleb
Nemelex Xobeh
Okawaru
Qazlal
Ru
Sif Muna
Trog
Uskayaw
Vehumet
Wu Jian
Xom
Yredelemnul
Zin
The Shining One

Shops:
D:2 *   D:5 [

Annotations:
D:4 3 runed translucent doors, bungle's ghost, novice GnFE


Innate Abilities, Weirdness & Mutations

((You are very nimble when in or above water. (Stealth+, EV+, Speed+++)))
Your lower body shifts to a powerful aquatic tail in water.


Message History

The white imp gestures at you. The puff of frost hits you!
You feel a terrible chill!
You hit the white imp but do no damage.
The white imp is heavily wounded.
The white imp gestures at you. The puff of frost misses you.
You puncture the white imp!
You kill the white imp!
Okawaru accepts your kill.
You hear the slow rusting of a very distant drain.
You hear the slow rusting of a very distant drain.
HP restored.
A two-headed ogre comes into view.
It is wielding two +0 giant spiked clubs.
The two-headed ogre shouts in stereo!
Throw: 6 darts (curare)
Press: ? - help, Q - select action, (/) - cycle Shift-Dir - straight line, f - two-headed ogre
Aim: a two-headed ogre, wielding two +0 giant spiked clubs (77% to hit)
You throw a curare-tipped dart.
The curare-tipped dart hits the two-headed ogre.
The two-headed ogre is poisoned.
The two-headed ogre convulses.
The two-headed ogre seems to slow down.
The two-headed ogre is lightly wounded.
You reach to attack!
You puncture the two-headed ogre! You freeze the two-headed ogre.
The two-headed ogre is heavily wounded.
You barely miss the two-headed ogre.
The two-headed ogre is heavily wounded.
You puncture the two-headed ogre! You freeze the two-headed ogre.
The two-headed ogre is severely wounded.
The two-headed ogre hits you with a +0 giant spiked club!!
The two-headed ogre hits you with a +0 giant spiked club!
You are too injured to fight recklessly!
You puncture the two-headed ogre! You freeze the two-headed ogre.
The two-headed ogre is almost dead.
You barely miss the two-headed ogre.
The two-headed ogre is almost dead.
You hit the two-headed ogre but do no damage.
The two-headed ogre is almost dead.
The two-headed ogre hits you with a +0 giant spiked club!!
You die...

#......#.......#...#
#..#...#.......#.#.#
#..#...##.....##.#.#
#..#.#.####.####...#
#................#.#
#....#.##..#.#.###.#
#.##.#.....#...# #.#
#. #.#####.#.#####.#
# #.@.....#.......#
#.O###..#########
##.# #........# #.#
#...####.#
#..##......#
..........<#
####.#...†.#
#.......# .........#


You could see a two-headed ogre (very poisoned, slow).

Vanquished Creatures
  A water moccasin (D:5)
  A black bear (D:4)
  3 scorpions (D:5)
  2 hounds
  An orc priest (D:3)
  Terence (D:3)
  7 iguanas
  An orc wizard (D:5)
  A gnoll (D:2)
  12 adders
  A white imp (D:6)
  3 worms
  2 dart slugs
  9 orcs
  11 endoplasms
  3 giant cockroaches
  6 goblins
  9 hobgoblins
  2 jackals (D:2)
  4 quokkas
  6 ball pythons
  5 bats
  5 frilled lizards
  6 kobolds
  4 rats
106 creatures vanquished.

Notes
Turn   | Place    | Note
-------+----------+-------------------------------------------
     0 | D:1      | loir the Merfolk Gladiator began the quest for the Orb.
     0 | D:1      | Reached XP level 1. HP: 16/16 MP: 1/1
   207 | D:1      | Reached XP level 2. HP: 23/23 MP: 2/2
   268 | D:1      | Found a faded altar of an unknown god.
   552 | D:1      | Reached XP level 3. HP: 28/28 MP: 3/3
   678 | D:2      | Identified the +1 spear of Ezog {freeze, Int+3}
   839 | D:2      | Reached XP level 4. HP: 35/35 MP: 4/4
   850 | D:2      | Found Zomuqo's General Store.
  1211 | D:3      | Reached skill level 5 in Polearms
  1211 | D:3      | Reached skill level 5 in Dodging
  1211 | D:3      | Reached XP level 5. HP: 3/42 MP: 5/5
  1379 | D:3      | Identified the +2 ring mail "Qewoafu" {rElec rC- Str+10
                  | Int-3}
  1420 | D:3      | Noticed Terence
  1432 | D:3      | Killed Terence
  2020 | D:4      | Reached XP level 6. HP: 48/48 MP: 6/6
  2110 | D:4      | Found a runed translucent gate.
  2110 | D:4      | Found a runed translucent gate.
  2111 | D:4      | Found a runed translucent gate.
  2112 | D:4      | Noticed bungle's ghost (novice GnFE)
  2150 | D:4      | Noticed a black bear
  2157 | D:4      | Killed a black bear
  2437 | D:4      | Reached skill level 1 in Armour
  2558 | D:4      | Found a staircase to the Ecumenical Temple.
  2567 | Temple   | Entered the Ecumenical Temple
  2714 | Temple   | Became a worshipper of Warmaster Okawaru
  3280 | D:5      | Entered Level 5 of the Dungeon
  3297 | D:5      | Reached skill level 5 in Fighting
  3297 | D:5      | Reached XP level 7. HP: 56/56 MP: 7/7
  3519 | D:5      | Reached * piety under Okawaru
  3613 | D:5      | Reached XP level 8. HP: 64/64 MP: 8/8
  3717 | D:5      | Found Visuag's Armour Emporium.
  3950 | D:6      | Found a broken altar of Ashenzari.
  4067 | D:6      | Noticed a two-headed ogre
  4074 | D:6      | Slain by a two-headed ogre

Illustrated notes

Levels and vault maps discovered:
D:1:      scummos_arrival_hexagon, layout_loops_ring,
          ebering_ecumenical_altar_hall
D:2:      layout_rooms, serial_shops, shop, cheibrodos_gnoll_hut
D:3:      layout_rooms, chequers_avenue, minmay_randomly_rotated_circles,
          uniq_terence
D:4:      layout_basic, lemuel_temple_firewalk_b, gammafunk_ghost_necromancy
D:5:      layout_rooms, serial_shops, nicolae_shop_pleasant_corner_grove,
          chequers_serial_rivers_small_b
D:6:      hellmonk_crumbling_castle, layout_basic, nicolae_gozag_seed_capital,
          old_standard_altar, lightli_sewer_entry_pipes,
          gammafunk_ghost_cemetery, dk_noncrumbling_4, uniq_crazy_yiuf_cottage
Temple:   mainiacjoe_temple_big_plus

Skill      XL: |  1  2  3  4  5  6  7 |
---------------+----------------------+-----
Fighting       | 3 4 5 6 |  6.1
Polearms       | 5 6 |  6.4
Dodging        | 5 6 |  6.3
Throwing       | 3 4 |  4.1
Armour         | 1 |  1.9

Action                     |  1- 3 |  4- 6 |  7- 9 || total
---------------------------+-------+-------+-------++-------
  Melee: Trident           |    75 |       |       ||    75
         Spear             |    31 |   173 |   101 ||   305
         Punch             |       |     1 |       ||     1
  Throw: Javelin           |       |     3 |     1 ||     4
         Throwing net      |       |     3 |       ||     3
         Dart              |       |       |     2 ||     2
    Use: Scroll            |     4 |     6 |       ||    10
   Stab: Sleeping          |     1 |     2 |       ||     3
 Armour: Leather armour    |    18 |     4 |       ||    22
         Ring mail         |       |    20 |     8 ||    28
  Dodge: Dodged            |    60 |    67 |    38 ||   165

Table legend: (Time is in decaauts)
 A = Elapsed time spent in this place.
 B = Non-inter-level travel time spent in this place.
 C = Inter-level travel time spent in this place.
 D = Time resting spent in this place.
 E = Time spent auto-exploring this place.
 F = Levels seen in this place.
 G = Mean time per level.
                   A        B        C        D        E       F      G
               +--------+--------+--------+--------+--------+-----+--------+
         Total |   4025 |   3740 |    285 |    133 |   2885 |   7 |  575.0 |
       Dungeon |   3596 |   3344 |    252 |    133 |   2498 |   6 |  599.3 |
        Temple |    428 |    395 |     33 |      0 |    387 |   1 |  428.0 |
               +--------+--------+--------+--------+--------+-----+--------+

Top non-repeatable levels by time:
     D:4: 829 daAuts
     D:3: 823 daAuts
     D:1: 680 daAuts
     D:5: 625 daAuts
     D:2: 493 daAuts
  Temple: 428 daAuts
     D:6: 143 daAuts
